 Dungeon Sprint DCSS version 0.29-a0-517-gbdf32494f2 (webtiles) character file.

Game seed: 1561911733762129995

1752 mhtbhm the Grappler (level 8, -1/93 HPs)
             Began as a Troll Transmuter on May 30, 2022.
             Was an Initiate of Gozag.
             Slain by an eight-headed hydra (10 damage)
             ... in the Dungeon (Sprint VII: "The Pits").
             The game lasted 00:03:38 (1473 turns).

mhtbhm the Grappler (Troll Transmuter)              Turns: 1473, Time: 00:03:39

Health: -1/93      AC:  6    Str: 21    XL:     8   Next: 78%
Magic:  11/16      EV: 11    Int:  9    God:    Gozag
Gold:   1872       SH:  0    Dex: 10    Spells: 9/19 levels left

rFire   x . .      SeeInvis .     - Unarmed
rCold   + + +      Faith    .   (shield currently unavailable)
rNeg    . . .      Spirit   .   (body armour currently unavailable)
rPois   +          Reflect  .   (helmet currently unavailable)
rElec   .          Harm     .   (cloak currently unavailable)
rCorr   .          Rampage  .   (gloves unavailable)
Will    .....      NoTele   +   (boots unavailable)
Stlth   ++........              (no amulet)
HPRegen 1.05/turn               (no ring)
MPRegen 0.15/turn               (no ring)

@: ice-form, wereblooded, hasted, very quick
A: freezing attack, amphibious, boosted hp, large, unfitting armour, (claws 3),
regeneration 1, (shaggy fur 1), (tough skin 1)
a: End Transformation, Renounce Religion, Potion Petition, Call Merchant, Bribe
Branch


You were in the Dungeon.
You worshipped Gozag.
Gozag was most pleased with you.
You were a creature of crystalline ice.
You visited 1 branch You collected 1872 gold pieces.

Inventory:

Armour
 a - a +0 robe (melded)
 o - a +0 cloak (melded)
Jewellery
 l - a +3 ring of evasion
 m - a +3 ring of strength
Scrolls
 j - 5 scrolls of amnesia
Potions
 b - a potion of lignification
 c - 7 potions of curing
 d - 7 potions of heal wounds
 f - 4 potions of magic
 g - 5 potions of berserk rage
 i - 2 potions of invisibility
 n - 2 potions of brilliance


   Skills:
 + Level 3.9 Fighting
 + Level 5.4 Dodging
 + Level 2.3 Stealth
 + Level 12.9 Unarmed Combat
 + Level 6.1 Spellcasting
 + Level 6.2 Transmutations
 + Level 1.4 Ice Magic
 + Level 0.7 Poison Magic


You had 9 spell levels left.
You knew the following spells:

 Your Spells              Type           Power      Damage    Failure   Level
a - Beastly Appendage     Tmut           28%        N/A       1%          1
b - Wereblood             Tmut           14%        N/A       2%          2
c - Spider Form           Tmut/Pois      9%         N/A       16%         3
d - Ice Form              Ice/Tmut       9%         N/A       41%         4

Your spell library contained the following spells:

 Spells                   Type           Power      Damage    Failure   Level


Dungeon Overview and Level Annotations

Branches:
Dungeon (1/1)

Altars:
Ashenzari
Cheibriados
Dithmenos
Elyvilon
Fedhas
Gozag
Hepliaklqana
Kikubaaqudgha
Makhleb
Nemelex Xobeh
Okawaru
Qazlal
Ru
Sif Muna
Trog
Uskayaw
Vehumet
Wu Jian
Xom
Yredelemnul
Zin
The Shining One
Beogh
Jiyva
Lugonu


Innate Abilities, Weirdness & Mutations

You are a creature of crystalline ice.
You have a powerful freezing melee attack.
You are amphibious.
Your maximum health is increased.
Your armour is entirely melded.
You are incapable of wielding weapons or throwing items.
You are too large for most types of armour.
((You have claws for hands.))
Your natural rate of healing is unusually fast.
((You are covered in fur. (AC +1)))
((You have tough skin. (AC +1)))


Message History

Magic restored.
Casting: Ice Form (dangerous; 41% risk of failure)
Confirm with . or Enter, or press ? or * to list all spells.
You turn into a creature of crystalline ice.
Your +0 cloak melds into your body.
Your +0 robe melds into your body.
Casting: Ice Form (dangerous; 41% risk of failure)
Confirm with . or Enter, or press ? or * to list all spells.
Your blood is infused with primal strength.
Unknown command.
You open the huge gate.
Unknown command.
There is a huge open gate leading to the Armoury (Hard) here.
There is a huge open gate here.
The eight-headed hydra roars!
You hit the eight-headed hydra. You freeze the eight-headed hydra.
The eight-headed hydra is lightly wounded.
The eight-headed hydra bites you! The eight-headed hydra bites you. x2
The eight-headed hydra bites you! x2
The eight-headed hydra closely misses you.
The eight-headed hydra bites you! x2
* * * LOW HITPOINT WARNING * * *
Unknown command.
What are your orders? t - Howl!
Orders for allies: a - Attack new target. r - Retreat! s - Stop attacking. g - Guard the area. f - Follow me.
Anything else - Cancel.
Okay, then.
Okay, then.
You feel yourself speed up.
The eight-headed hydra bites you but does no damage. x3
The eight-headed hydra bites you!
* * * LOW HITPOINT WARNING * * *
The eight-headed hydra bites you but does no damage.
The eight-headed hydra misses you.
The eight-headed hydra bites you but does no damage.
The eight-headed hydra bites you!
You die...
Your body crumbles into a pile of gold.

..# ..# ######++########## ..#
.............##..# ..#
...#..#......##..# ..#
.............''..# ..#
.............''..##########.x#
...#..#......##.YD........G.$#
.............##............x.#
'#####++######################
....# ....# ....# <...# ....#
....#


You could see an eight-headed hydra.

Vanquished Creatures
  A boulder beetle (D)
  A smoke demon (D)
  An unseen horror (D)
  A sky beast (D)
  A centaur (D)
  2 bullfrogs (D)
  A crimson imp (D)
  A jelly (D)
  A gnoll shaman (D)
  An iron imp (D)
  A mummy (D)
  4 gnolls (D)
  An adder (D)
  2 ufetubi (D)
  A worm (D)
  5 orcs (D)
  2 endoplasms (D)
  3 giant cockroaches (D)
  A goblin (D)
  A hobgoblin (D)
  A quokka (D)
33 creatures vanquished.

Vanquished Creatures (collateral kills)
  A centaur (D)
1 creature vanquished.

Grand Total: 34 creatures vanquished

Notes
Turn   | Place    | Note
-------+----------+-------------------------------------------
     0 | D        | mhtbhm the Troll Transmuter began the quest for the Orb.
     0 | D        | Reached XP level 1. HP: 18/18 MP: 1/1
    18 | D        | Found a bloodstained altar of Trog.
    18 | D        | Found a shimmering blue altar of Sif Muna.
    18 | D        | Found a viscous altar of Jiyva.
    18 | D        | Found a hazy altar of Hepliaklqana.
    18 | D        | Found an opulent altar of Gozag.
    19 | D        | Found a glowing golden altar of the Shining One.
    19 | D        | Found a glowing silver altar of Zin.
    19 | D        | Found a basalt altar of Yredelemnul.
    19 | D        | Found a shimmering altar of Xom.
    19 | D        | Found an ornate altar of the Wu Jian Council.
    19 | D        | Found a sacrificial altar of Ru.
    19 | D        | Found a stormy altar of Qazlal.
    19 | D        | Found an iron altar of Okawaru.
    19 | D        | Found a sparkling altar of Nemelex Xobeh.
    19 | D        | Found a burning altar of Makhleb.
    19 | D        | Found a blossoming altar of Fedhas.
    19 | D        | Found a white marble altar of Elyvilon.
    19 | D        | Found a shadowy altar of Dithmenos.
    19 | D        | Found a snail-covered altar of Cheibriados.
    21 | D        | Found a radiant altar of Vehumet.
    21 | D        | Found a corrupted altar of Lugonu.
    22 | D        | Found a hide-covered altar of Uskayaw.
    22 | D        | Found an ancient bone altar of Kikubaaqudgha.
    22 | D        | Found a broken altar of Ashenzari.
    26 | D        | Became a worshipper of Gozag Ym Sagoz the Greedy
    68 | D        | Reached XP level 2. HP: 17/26 MP: 0/3
   203 | D        | Learned a level 2 spell: Wereblood
   219 | D        | Reached skill level 4 in Unarmed Combat
   404 | D        | Noticed a sky beast
   416 | D        | Reached XP level 3. HP: 32/32 MP: 2/5
   420 | D        | Killed a sky beast
   421 | D        | Reached skill level 1 in Fighting
   421 | D        | Reached skill level 6 in Unarmed Combat
   421 | D        | Reached XP level 4. HP: 41/41 MP: 2/7
   423 | D        | Reached skill level 1 in Stealth
   423 | D        | Reached XP level 5. HP: 48/48 MP: 2/8
   425 | D        | Reached skill level 7 in Unarmed Combat
   641 | D        | Noticed a centaur
   648 | D        | Killed a centaur
   649 | D        | Reached skill level 8 in Unarmed Combat
   649 | D        | Reached XP level 6. HP: 34/57 MP: 8/10
   676 | D        | Learned a level 3 spell: Spider Form
   681 | D        | Learned a level 4 spell: Ice Form
   704 | D        | Killed an unseen horror
   705 | D        | Reached skill level 10 in Unarmed Combat
   705 | D        | Reached skill level 5 in Transmutations
   705 | D        | Reached XP level 7. HP: 32/66 MP: 6/12
  1001 | D        | Noticed a smoke demon
  1007 | D        | Killed a smoke demon
  1008 | D        | Reached skill level 11 in Unarmed Combat
  1008 | D        | Reached skill level 5 in Spellcasting
  1008 | D        | Reached XP level 8. HP: 75/75 MP: 8/14
  1203 | D        | Noticed a boulder beetle
  1220 | D        | Killed a boulder beetle
  1221 | D        | Reached skill level 5 in Dodging
  1221 | D        | Reached skill level 12 in Unarmed Combat
  1221 | D        | Reached skill level 1 in Ice Magic
  1353 | D        | Noticed an eight-headed hydra
  1353 | D        | Noticed an eye of devastation
  1473 | D        | Slain by an eight-headed hydra

Illustrated notes

Levels and vault maps discovered:
D:        pitsprint [storerooms_1, entrance_room_1, metal_vault_3, armoury_3,
          mini_pit_1, grid_room_1, main_hall_1, silver_pit, the_coven_1,
          the_vestibule_1, steel_vault_5, golden_pit, hallway_of_sentries,
          crystal_vault_4, iron_vault_5, final_vault]

Skill      XL: |  1  2  3  4  5  6  7  8 |
---------------+-------------------------+-----
Transmutations | 2 3 4 5 6 |  6.2
Dodging        | 2 3 4 5 |  5.4
Unarmed Combat | 4 6 8 10 11 12 | 12.9
Spellcasting   | 2 3 4 5 6 |  6.1
Fighting       | 1 2 3 |  3.9
Stealth        | 1 2 |  2.3
Ice Magic      | 1 |  1.4
Poison Magic   | |  0.7

Action                   |  1- 3 |  4- 6 |  7- 9 || total
-------------------------+-------+-------+-------++-------
Melee: Unarmed           |    29 |    29 |    32 ||    90
       Headbutt          |     3 |       |     2 ||     5
       Kick              |     4 |     1 |       ||     5
 Cast: Beastly Appendage |     5 |     3 |       ||     8
       Wereblood         |     2 |     1 |     4 ||     7
       Spider Form       |       |     1 |       ||     1
       Ice Form          |       |       |     4 ||     4
  Use: Potion            |     1 |     1 |     3 ||     5
       Scroll            |       |       |     2 ||     2
 Stab: Sleeping          |     1 |       |       ||     1
Armor: Robe              |     9 |     3 |     1 ||    13
       Skin              |       |       |    13 ||    13
Dodge: Dodged            |    14 |    11 |    20 ||    45

Table legend: (Time is in decaauts)
 A = Elapsed time spent in this place.
 B = Non-inter-level travel time spent in this place.
 C = Inter-level travel time spent in this place.
 D = Time resting spent in this place.
 E = Time spent auto-exploring this place.
 F = Levels seen in this place.
 G = Mean time per level.
                   A        B        C        D        E       F      G
               +--------+--------+--------+--------+--------+-----+--------+
         Total |   1466 |   1383 |     83 |    975 |      0 |   1 | 1466.0 |
       Dungeon |   1466 |   1383 |     83 |    975 |      0 |   1 | 1466.0 |
               +--------+--------+--------+--------+--------+-----+--------+

Top non-repeatable levels by time:
       D: 1466 daAuts
